 Dungeon Crawl Stone Soup version 0.22.0-49-gab54619 (webtiles) character file.

216 Folque the Shooter (level 5, -1/40 HPs)
             Began as a Centaur Arcane Marksman on Sept 6, 2018.
             Slain by a crimson imp (3 damage)
             ... summoned by Natasha
             ... on level 3 of the Dungeon.
             The game lasted 00:18:06 (3445 turns).

Folque the Shooter (Centaur Arcane Marksman)        Turns: 3445, Time: 00:18:08

Health: -1/40      AC:  6    Str: 13    XL:     5   Next: 61%
Magic:  3/9        EV:  9    Int: 12    God:
Gold:   102        SH:  0    Dex: 10    Spells: 1/10 levels left

rFire    . . .     SeeInvis .   g - +0 short sword
rCold    . . .     Gourm    .   (no shield)
rNeg     . . .     Faith    .   e - +1 robe
rPois    .         Spirit   .   (no helmet)
rElec    .         Reflect  .   s - +0 cloak
rCorr    .         Harm     .   (no gloves)
MR       .....                  (no barding)
Stlth    +.........             (no amulet)
HPRegen  0.13/turn              (no ring)
MPRegen  0.11/turn              (no ring)

@: flying, slowed
A: large, hooves 3, deformed body, speed 2, tough skin 3
a: no special abilities


You were on level 3 of the Dungeon.
You were not hungry.

You visited 1 branch of the dungeon, and saw 3 of its levels.

You collected 102 gold pieces.

Inventory:

Hand Weapons
 a - a +0 shortbow
 c - a +0 club
 g - a +0 short sword (weapon)
Missiles
 d - 27 arrows
 l - 8 poisoned needles
 n - 3 tomahawks (quivered)
Armour
 e - a +1 robe (worn)
 q - a +0 leather armour
 s - a +0 cloak (worn)
Jewellery
 j - an uncursed amulet of the gourmand {unknown}
Scrolls
 b - 3 scrolls of enchant armour
 h - 3 scrolls of teleportation {unknown}
 i - a scroll of remove curse {unknown}
 k - a scroll of fear {unknown}
 m - 3 scrolls of blinking {unknown}
 p - 2 scrolls of identify {unknown}
 t - a scroll of enchant weapon {unknown}
Potions
 o - 2 potions of flight
 r - 2 potions of magic {unknown}
Comestibles
 f - 10 rations


   Skills:
 + Level 1.3 Fighting
 - Level 4.0 Bows
 - Level 1.3 Dodging
 - Level 3.0 Spellcasting
 - Level 3.4 Hexes
 - Level 1.1 Translocations
 * Level 1.0 Fire Magic


You had one spell level left.
You knew the following spells:

 Your Spells              Type           Power        Failure   Level  Hunger
a - Corona                Hex            ##.....      6%          1    #......
b - Slow                  Hex            ##......     9%          2    ###....
c - Portal Projectile     Hex/Tloc       #.....       28%         3    ###....
d - Inner Flame           Hex/Fire       #.......     30%         3    ###....

Your spell library contained the following spells:

 Spells                   Type           Power        Failure   Level  Hunger
 Cause Fear               Hex            ##........   52%         4    #####..
 Leda's Liquefaction      Hex/Erth       #.........   77%         4    #####..


Dungeon Overview and Level Annotations

Branches:
Dungeon (3/15)

Altars:
Ashenzari
Hepliaklqana
Makhleb

Annotations:
D:2 Sigmund
D:3 Natasha


Innate Abilities, Weirdness & Mutations

You have hooves in place of feet.
Armour fits poorly on your strangely shaped body.
You cover ground very quickly.
You have extremely tough skin. (AC +3)


Message History

Natasha stops glowing.
Natasha closely misses you.
The crimson imp blinks!
Natasha misses you.
You barely miss Natasha.
Natasha is severely wounded.
Natasha barely misses you.
The crimson imp hits you but does no damage.
Natasha claws you.
* * * LOW HITPOINT WARNING * * *
The crimson imp hits you but does no damage.
You barely miss Natasha.
Natasha is severely wounded.
Natasha claws you but does no damage. The crimson imp hits you.
* * * LOW HITPOINT WARNING * * *
It was a potion of flight.
You feel very buoyant.
You fly up into the air.
Natasha claws you.
* * * LOW HITPOINT WARNING * * *
The crimson imp hits you but does no damage.
Natasha barely misses you. The crimson imp hits you.
You die...

#..# #.# .#.###.# ##.....## ##..#
#.# ......# .##.......#
###...###.#####.#...##...........
......................$'.........
###...########......# #.........
##..# ##.....(## #.......# ##.#
#.....(.# ##.....## #.# ##...h.##
##...## #.### ##.5@## ##'## #...#
##.## #.# ###.# #.# #.# ## #.#
##.# ##.## .# #.# #...#####
##...## .######.# #.......#
##.....## ........# #..
###.####........ ######### ###
#.)....#.##..##. #.#.##.#.##..##.


You could see Natasha and a crimson imp.

Vanquished Creatures
  Jessica (D:3)
  Natasha (D:3)
  A worker ant (D:2)
  3 adders (D:2)
  4 oozes (D:1)
  2 worms
  2 dart slugs
  10 leopard geckos
  2 ball pythons
  5 bats
  7 giant cockroaches (D:1)
  4 goblins
  8 hobgoblins
  5 jackals (D:1)
  A quokka (D:3)
  5 frilled lizards
  7 kobolds
  10 rats
78 creatures vanquished.

Notes
Turn   | Place    | Note
-------+----------+-------------------------------------------
     0 | D:1      | Folque the Centaur Arcane Marksman began the quest for the
                  | Orb.
     0 | D:1      | Reached XP level 1. HP: 16/16 MP: 2/2
     1 | D:1      | Found a runed door.
   316 | D:1      | Reached skill level 3 in Bows
   316 | D:1      | Reached XP level 2. HP: 12/23 MP: 2/4
   404 | D:1      | HP: 1/23 [giant cockroach (1)]
   915 | D:1      | Learned a level 2 spell: Slow
   974 | D:1      | Reached XP level 3. HP: 21/28 MP: 2/5
  1007 | D:1      | Found a burning altar of Makhleb.
  1482 | D:2      | Reached XP level 4. HP: 35/35 MP: 3/7
  1491 | D:2      | Learned a level 3 spell: Portal Projectile
  1499 | D:2      | Found a hazy altar of Hepliaklqana.
  1535 | D:2      | Found a shattered altar of Ashenzari.
  1666 | D:2      | Reached skill level 4 in Bows
  1898 | D:2      | Noticed Sigmund
  2625 | D:3      | Reached XP level 5. HP: 33/40 MP: 7/9
  2909 | D:3      | Noticed Natasha
  2914 | D:3      | Killed Natasha
  2914 | D:3      | Reached skill level 1 in Translocations
  3220 | D:3      | Learned a level 3 spell: Inner Flame
  3240 | D:3      | Noticed Jessica
  3292 | D:3      | Killed Jessica
  3342 | D:3      | Reached skill level 1 in Fire Magic
  3430 | D:3      | Noticed Natasha
  3445 | D:3      | HP: 2/40 [Natasha (3)]
  3445 | D:3      | Slain by a crimson imp

Skill      XL: |  1  2  3  4  5 |
---------------+----------------+-----
Bows           | 3 4 |  4.0
Hexes          | 3 |  3.4
Spellcasting   | 2 3 |  3.0
Translocations | 1 |  1.1
Fire Magic     | 1 |  1.0
Fighting       | |  1.3
Dodging        | |  1.3

Action                   |  1- 3 |  4- 6 || total
-------------------------+-------+-------++-------
Melee: Shortbow          |    15 |       ||    15
       Club              |    17 |       ||    17
       Unarmed           |     4 |       ||     4
       Kick              |    13 |    19 ||    32
       Short sword       |    49 |   122 ||   171
 Fire: Shortbow          |    60 |    26 ||    86
 Cast: Corona            |    43 |    42 ||    85
       Slow              |       |     4 ||     4
       Portal Projectile |       |     4 ||     4
  Use: Scroll            |     1 |       ||     1
       Potion            |       |     1 ||     1
  Eat: Chunk             |     2 |     8 ||    10
Armor: Robe              |    75 |    43 ||   118
Dodge: Dodged            |    84 |    71 ||   155
